cohdb
Replays
Latest Replays
All Replays
Popular Replays
Top Player Replays
Match Explorer
How It Works
Community
CoH3 Stats
Reddit
Sign in to upload your games and track your stats! →
Sign in with Steam
Match 45728076
Unlisted
Match 45728076
Overview
Messages
Build Orders
End
Engineer Squad
Selects Special Operations Battlegroup
Selects M29 Weasel Recon Vehicle
M29 Weasel Recon Vehicle
Construct Weapon Support Center
M1919 Machine Gun Team
M1919 Machine Gun Team
Infantry Support Center
M3 Armored Personnel Carrier
Selects Smoke Screen
Bazooka Squad
Construct Medical Station
Selects SSF Commando Squad
SSF Commando Squad
Smoke Screen
SSF Commando Squad
Construct Tank Depot
M4A1 Sherman Medium Tank
Smoke Screen
M4A1 Sherman Medium Tank
Selects Air Re-supply Operation
Air Re-Supply Operation
M4A1 Sherman Medium Tank
Smoke Screen
Engineer Squad
Selects P-47 Anti-Infantry Loiter
Selects UNKNOWN (2162291)
Advanced Logistics
P-47 Anti-Infantry Loiter
Survival Training
oziligath
Stana
0
0
Comments
sign in to comment!
No comments posted yet!